 Dungeon Crawl Stone Soup version 0.21.1-1-g345015f (webtiles) character file.

3743 Mirai the Thaumaturge (level 9, 0/45 HPs)
             Began as a Deep Elf Conjurer on Apr 17, 2018.
             Was a Follower of Vehumet.
             Slain by Grum
             ... wielding a +1 spear
              (15 damage)
             ... on level 8 of the Dungeon.
             The game lasted 00:20:09 (7996 turns).

Mirai the Thaumaturge (Deep Elf Conjurer)           Turns: 7996, Time: 00:20:10

Health: 0/45       AC:  3    Str: 11    XL:     9   Next: 93%
Magic:  0/27       EV: 12    Int: 24    God:    Vehumet [*.....]
Gold:   484        SH:  3    Dex: 15    Spells: 22/33 levels left

rFire    + . .     SeeInvis .   A - +1 falchion "Zayx Nukh" {elec, MR+ Str+6} (curse)
rCold    . . .     Gourm    .   w - +0 buckler
rNeg     . . .     Faith    .   a - +0 robe
rPois    .         Spirit   +   B - +0 helmet
rElec    .         Reflect  .   k - scarf {Spirit}
rCorr    .         Harm     .   (no gloves)
MR       +....                  (no boots)
Stlth    ++........             (no amulet)
HPRegen  0.15/turn              f - ring of protection from fire
MPRegen  0.20/turn              t - ring of wizardry

@: no status effects
A: no striking features
a: Renounce Religion


You were on level 8 of the Dungeon.
You worshipped Vehumet.
Vehumet was aware of your devotion.
You were not hungry.

You visited 2 branches of the dungeon, and saw 9 of its levels.

You collected 484 gold pieces.

Inventory:

Hand Weapons
 g - a +4 dagger of electrocution
 q - a +0 dagger of venom
 z - a cursed -2 dagger
 A - the cursed +1 falchion "Zayx Nukh" (weapon) {elec, MR+ Str+6}
   (You found it on level 7 of the Dungeon)

   Occasionally, upon striking a foe, it will discharge some electrical energy
   and cause terrible harm.
   It affects your strength (+6).
   It affects your resistance to hostile enchantments.
   It has a curse placed upon it.
 I - the +9 dagger of Law {pierce, rPois Str+2 Int+2, unknown}
   (You found it on level 8 of the Dungeon)

   It inflicts extra damage upon your enemies.
   It affects your strength (+2).
   It affects your intelligence (+2).
   It protects you from poison.
 J - a +1 falchion
Armour
 a - a +0 robe (worn)
 k - a scarf of spirit shield (worn)
 w - a +0 buckler (worn)
 B - a +0 helmet (worn)
Jewellery
 f - a ring of protection from fire (left hand)
 t - a ring of wizardry (right hand)
Wands
 r - a wand of digging (27)
 y - a wand of random effects (18)
Scrolls
 e - 9 scrolls of identify {unknown}
 h - a scroll of noise {unknown}
 i - 2 scrolls of enchant armour {unknown}
 o - 4 scrolls of fog {unknown}
 p - 3 scrolls of remove curse {unknown}
 v - a scroll of random uselessness {unknown}
 x - 4 scrolls of teleportation {unknown}
 C - 3 scrolls of amnesia {unknown}
 F - 2 scrolls of magic mapping {unknown}
 G - a scroll of holy word {unknown}
Potions
 d - 4 potions of curing
 j - a potion of ambrosia
 l - 3 potions of lignification {unknown}
 m - 4 potions of haste {unknown}
 n - 6 potions of brilliance {unknown}
 s - a potion of heal wounds {unknown}
 u - a potion of cancellation {unknown}
 E - a potion of berserk rage {unknown}
Books
 b - a book of Conjurations

   Spells                             Type                      Level
   a - Magic Dart                     Conjuration                  1
   b - Searing Ray                    Conjuration                  2
   c - Dazzling Spray                 Conjuration/Hexes            3
   d - Fulminant Prism                Conjuration/Hexes            4
   e - Force Lance                    Conjuration/Translocation    4
   f - Iskenderun's Mystic Blast      Conjuration                  4
 H - a book of the Tempests

   Spells                             Type                      Level
   a - Static Discharge               Conjuration/Air              3
   b - Lightning Bolt                 Conjuration/Air              5
   c - Ignition                       Fire                         8
   d - Tornado                        Air                          9
   e - Shatter                        Earth                        9
Comestibles
 c - 16 rations
 D - 8 chunks of flesh


   Skills:
 - Level 2.4 Dodging
 - Level 2.4 Stealth
 * Level 12.5 Spellcasting
 + Level 8.7 Conjurations
 + Level 8.2 Hexes
 + Level 5.0 Evocations


You had 22 spell levels left.
You knew the following spells:

 Your Spells              Type           Power        Failure   Level  Hunger
a - Magic Dart            Conj           ####         1%          1    None
b - Searing Ray           Conj           ######       1%          2    None
c - Iskenderun's Mystic   Conj           ######..     1%          4    None
d - Fulminant Prism       Conj/Hex       ######....   1%          4    None


Dungeon Overview and Level Annotations

Branches:
Dungeon (8/15)             Temple (1/1) D:7
   Lair: D:8-11

Altars:
Cheibriados
Dithmenos
Elyvilon
Fedhas
Hepliaklqana
Kikubaaqudgha
Nemelex Xobeh
Ru
Sif Muna
Uskayaw
Vehumet

Shops:
D:5 *

Annotations:
D:8 Grum


Message History

You finish channeling your searing ray.
The wolf bites you.
Casting: Searing Ray
Confirm with . or Enter, or press ? or * to list all spells.
Aiming: Searing Ray
Press: ? - help, Shift-Dir - straight line, f - Grum
Aim: Grum, wielding an enchanted spear and wearing an animal skin The searing ray hits the wolf.
You kill the wolf!
Vehumet accepts your kill.
You feel your power returning. (Press . to maintain the ray.)
A wolf comes into view.
The searing ray hits Grum.
Grum is lightly wounded.
Grum hits you from afar with an enchanted spear!
* * * LOW HITPOINT WARNING * * *
Unknown command.
You feel better.
Grum hits you from afar with an enchanted spear!
You die...

##### ## #...####### #.#
#.#..@†gh.## ##
#.#####...####...## ...
#.......####.....## .#.#
##......###.......#######
.##.###.####.###.......[......#
..##.#.#####.# #........#.###.#
..###.##.........#..[.......
.........###.##..##.<...#.###
..###....# #.##.. ####.##h..


You could see Grum and a wolf.

Vanquished Creatures
  The ghost of Totori the Digger, an amateur DsEE of Wu Jian (D:4)
  Sigmund (D:4)
  A wyvern (D:7)
  A wraith (D:7)
  A spriggan (D:7)
  A hungry ghost (D:7)
  The ghost of eccles the Gusty, an amateur HuAE (D:3)
  Duvessa (D:4)
  An orc warrior (D:6)
  3 ogres
  2 ice beasts
  2 wolves (D:8)
  3 phantoms
  A centaur (D:5)
  Dowan (D:4)
  2 scorpions
  4 wights
  2 crimson imps
  2 hounds
  2 jellies
  A quasit (D:7)
  A centaur zombie (D:7)
  3 orc priests (D:6)
  A centaur skeleton (D:5)
  7 orc wizards
  3 bullfrog skeletons
  Natasha (thrice) (D:4)
  4 worker ants
  2 iguanas
  2 killer bee zombies
  A hound zombie (D:6)
  Robin (D:4)
  3 gnolls (D:4)
  10 adders
  A shadow imp (D:8)
  An ooze (D:5)
  An adder skeleton (D:4)
  4 worms
  14 dart slugs
  6 leopard geckos
  27 orcs
  5 giant cockroaches
  12 goblins
  13 hobgoblins
  20 jackals
  2 quokkas
  2 ball pythons
  15 bats
  3 frilled lizards
  9 kobolds
  2 leopard gecko skeletons (D:4)
  A quokka skeleton (D:4)
  7 rats
220 creatures vanquished.

Vanquished Creatures (others)
  7 fulminant prisms (D:6)
  5 toadstools (D:1)
12 creatures vanquished.

Grand Total: 232 creatures vanquished

Notes
Turn   | Place    | Note
-------+----------+-------------------------------------------
     0 | D:1      | Mirai the Deep Elf Conjurer began the quest for the Orb.
     0 | D:1      | Reached XP level 1. HP: 10/10 MP: 6/6
   178 | D:1      | Reached XP level 2. HP: 15/15 MP: 2/8
   255 | D:1      | Reached skill level 4 in Spellcasting
   523 | D:1      | Reached XP level 3. HP: 19/19 MP: 5/10
   613 | D:2      | Learned a level 2 spell: Searing Ray
  1485 | D:2      | Reached skill level 5 in Conjurations
  1651 | D:3      | Reached skill level 5 in Spellcasting
  1795 | D:3      | Reached XP level 4. HP: 24/24 MP: 5/13
  1807 | D:3      | Learned a level 4 spell: Iskenderun's Mystic Blast
  1812 | D:3      | Learned a level 4 spell: Fulminant Prism
  2143 | D:3      | Reached skill level 1 in Hexes
  2530 | D:3      | Noticed eccles's ghost (amateur HuAE)
  2556 | D:3      | Killed eccles's ghost
  2556 | D:3      | Reached skill level 6 in Spellcasting
  2556 | D:3      | Reached XP level 5. HP: 25/28 MP: 8/15
  2708 | D:4      | Noticed Sigmund
  2715 | D:4      | Killed Sigmund
  2715 | D:4      | Reached skill level 7 in Spellcasting
  2715 | D:4      | Reached XP level 6. HP: 32/32 MP: 1/18
  2958 | D:4      | Noticed Dowan
  3027 | D:4      | Noticed Duvessa
  3052 | D:4      | Reached XP level 7. HP: 31/36 MP: 8/20
  3254 | D:4      | Noticed Totori's ghost (amateur DsEE)
  3257 | D:4      | Reached skill level 8 in Spellcasting
  3269 | D:4      | Killed Totori's ghost
  3398 | D:4      | Noticed Natasha
  3403 | D:4      | Killed Natasha
  3415 | D:4      | Noticed Robin
  3417 | D:4      | Killed Robin
  3429 | D:4      | Noticed Natasha
  3438 | D:4      | Killed Natasha
  3438 | D:4      | Reached skill level 9 in Spellcasting
  3460 | D:4      | Reached skill level 5 in Hexes
  3658 | D:4      | Noticed Natasha
  3660 | D:4      | Killed Natasha
  3660 | D:4      | Reached XP level 8. HP: 38/41 MP: 15/23
  4073 | D:4      | Killed Duvessa
  4073 | D:4      | Reached skill level 1 in Evocations
  4074 | D:4      | Killed Dowan
  4200 | D:5      | Entered Level 5 of the Dungeon
  4232 | D:5      | Reached skill level 10 in Spellcasting
  4481 | D:5      | Found Bazimy's General Store.
  5354 | D:6      | Found a shadowy altar of Dithmenos.
  5386 | D:6      | Reached skill level 11 in Spellcasting
  5386 | D:6      | Reached XP level 9. HP: 45/45 MP: 9/26
  6651 | D:7      | Found a staircase to the Ecumenical Temple.
  6652 | D:7      | Got a fine falchion
  6653 | D:7      | Identified the cursed +1 falchion "Zayx Nukh" {elec, MR+ Str+6} (You found it on level 7 of the Dungeon)
  6694 | Temple   | Entered the Ecumenical Temple
  6708 | Temple   | Became a worshipper of Vehumet
  7277 | D:7      | Reached skill level 12 in Spellcasting
  7831 | D:8      | Reached * piety under Vehumet
  7831 | D:8      | Offered knowledge of Sandblast by Vehumet.
  7873 | D:8      | Got a polished dagger
  7985 | D:8      | Noticed Grum
  7990 | D:8      | Reached skill level 5 in Evocations
  7996 | D:8      | Slain by Grum

Skill      XL: |  1  2  3  4  5  6  7  8  9 |
---------------+----------------------------+-----
Spellcasting   | 4 5 6 7 9 11 12 | 12.5
Conjurations   | 5 6 7 8 |  8.7
Hexes          | 2 3 5 6 8 |  8.2
Evocations     | 3 5 |  5.0
Dodging        | |  2.4
Stealth        | |  2.4

Action                   |  1- 3 |  4- 6 |  7- 9 || total
-------------------------+-------+-------+-------++-------
Melee: Dagger            |    36 |    18 |    32 ||    86
       Short sword       |     2 |       |       ||     2
       Falchion          |       |       |    10 ||    10
 Cast: Magic Dart        |    80 |    50 |   139 ||   269
       Searing Ray       |       |    11 |    67 ||    78
       Iskenderun's Myst |       |     4 |    21 ||    25
       Fulminant Prism   |       |       |     7 ||     7
  Use: Potion            |       |     2 |     1 ||     3
 Stab: Distracted        |       |       |     1 ||     1
  Eat: Chunk             |     2 |     5 |    12 ||    19
       Ration            |       |       |     2 ||     2
Armor: Robe              |    11 |     3 |    16 ||    30
Dodge: Dodged            |    39 |    28 |    80 ||   147
Block: Buckler           |       |       |    21 ||    21
       Rpst.: Falchion   |       |       |     8 ||     8
